 Dungeon Crawl Stone Soup version 0.31.0-4-g52a2dc7128 (webtiles) character file.

Game seed: 3220550296222463092

1356 dorian the Shooter (level 8, -4/67 HPs)
             Began as a Demigod Hunter on Jan 22, 2024.
             Slain by a hornet (7 damage)
             ... on level 6 of the Dungeon.
             The game lasted 00:11:12 (5312 turns).

dorian the Shooter (Demigod Hunter)                 Turns: 5312, Time: 00:11:13

Health: -4/67      AC:  7    Str: 12    XL:     8   Next: 14%
Magic:  10/10      EV: 16    Int: 11    God:
Gold:   738        SH:  0    Dex: 25    Spells: 7/7 levels left

rFire   . . .        a - +1 shortbow
rCold   . . .        (shield currently unavailable)
rNeg    . . .        p - +0 steam dragon scales
rPois   .            (no helmet)
rElec   .            d - +1 cloak
rCorr   .            (no gloves)
SInv    .            (no boots)
Will    .....        (no amulet)
Stlth   ++           (no ring)
HPRegen 0.31/turn    (no ring)
MPRegen 0.12/turn

%: no passive effects
@: hasted and slowed, invisible (expiring)
A: high MP 1, forlorn, divine attributes
a: no special abilities


You were on level 6 of the Dungeon.
You visited 1 branch of the dungeon, and saw 6 of its levels.

You collected 738 gold pieces.

Inventory:

Hand Weapons
 a - a +1 shortbow (weapon)
 l - a +2 dagger of venom
Armour
 c - a +0 leather armour
 d - a +1 cloak (worn)
 p - +0 steam dragon scales (worn)
Wands
 k - a wand of flame (18)
Scrolls
 b - a scroll of butterflies
 j - a scroll of immolation {unknown}
 r - a scroll of identify
Potions
 e - 3 potions of enlightenment {unknown}
 g - a potion of lignification {unknown}
 i - a potion of degeneration {unknown}
 m - a potion of attraction {unknown}
 n - 3 potions of mutation {unknown}


   Skills:
 + Level 4.9 Fighting
 * Level 7.6 Ranged Weapons
 + Level 5.0 Dodging
 - Level 0.8 Stealth


You had 7 spell levels left.
You didn't know any spells.
Your spell library contained the following spells:

 Spells                   Type           Power      Damage    Failure   Level
 Inner Flame              Hex/Fire       0%         N/A       71%         3
 Flame Wave               Conj/Fire      0%         2d4       98%         4
 Sticky Flame             Fire/Alch      0%         2d4       98%         4


Dungeon Overview and Level Annotations

Branches:
Dungeon (6/15) Zot: 26144  Temple (0/1) D:4

Annotations:
D:5 1 runed translucent door, DevastatorOne's ghost, novice MiBe
D:6 2 runed translucent doors, Sigmund; Skimidon's ghost, novice MiFi


Innate Abilities, Weirdness & Mutations

You have an increased reservoir of magic. (+10% MP)
You shall have no god before yourself.
Your divine heritage dramatically boosts your attributes as you level up.


Message History

Press: ? - help, Q - select action, (/) - cycle Shift-Dir - straight line, f/p - hornet
Aim: a hornet (moderately wounded, unable to see you, 59% to hit)
You shoot an arrow. The arrow hits the hornet.
The hornet is moderately wounded.
You flicker for a moment.
* * * LOW HITPOINT WARNING * * *
You feel sick. The hornet barely misses you.
Fire: a) +1 shortbow
Press: ? - help, Q - select action, (/) - cycle Shift-Dir - straight line, f/p - hornet
Aim: a hornet (moderately wounded, unable to see you, 59% to hit)
You shoot an arrow. The arrow hits the hornet.
The hornet is heavily wounded.
You feel sick. The hornet closely misses you. x2
Fire: a) +1 shortbow
Press: ? - help, Q - select action, (/) - cycle Shift-Dir - straight line, f/p - hornet
Aim: a hornet (heavily wounded, unable to see you, 59% to hit)
You shoot an arrow. The arrow misses the hornet.
You feel sick. The hornet misses you.
Fire: a) +1 shortbow
Press: ? - help, Q - select action, (/) - cycle Shift-Dir - straight line, f/p - hornet
Aim: a hornet (heavily wounded, unable to see you, 59% to hit)
You shoot an arrow.
The arrow hits the hornet but does no damage.
The hornet is heavily wounded.
You feel sick. The hornet barely misses you. The hornet closely misses you.
Fire: a) +1 shortbow
Press: ? - help, Q - select action, (/) - cycle Shift-Dir - straight line, f/p - hornet
Aim: a hornet (heavily wounded, unable to see you, 59% to hit)
You shoot an arrow. The arrow barely misses the hornet.
You feel sick.
You are no longer poisoned.
The hornet barely misses you.
Fire: a) +1 shortbow
Press: ? - help, Q - select action, (/) - cycle Shift-Dir - straight line, f/p - hornet
Aim: a hornet (heavily wounded, unable to see you, 59% to hit)
You shoot an arrow.
The arrow hits the hornet but does no damage.
The hornet is heavily wounded.
The hornet stings you!
You die...

###...#.....#...........
####.............##.......
###........#.>...#.# .....
##..........#.....#.#.>.#
#...#####...###.###...#
#..## #............#.....
##..# #....##...#### ##++
#...# ...####..##


K.W ...## ..## #@.# .. ..## #y.# K .## #..## ## #...### # ##....##### ##
##.......# .## #####...... ..## ..# ####. ...## #...##.# You could see a hornet
(unable to see you).

Vanquished Creatures
  A steam dragon (D:6)
  A water moccasin (D:5)
  2 ogres
  2 centaurs (D:6)
  A phantom (D:4)
  A scorpion (D:5)
  2 howler monkeys
  A bombardier beetle (D:4)
  4 hounds
  A jelly (D:4)
  2 sleepcaps (D:5)
  3 iguanas
  Robin (D:3)
  4 gnolls (D:5)
  10 adders
  2 white imps
  2 ufetubi (D:5)
  6 dart slugs
  A ribbon worm (D:2)
  4 orcs
  8 bats
  7 endoplasms
  4 giant cockroaches
  13 goblins
  9 hobgoblins
  3 quokkas
  10 ball pythons
  5 frilled lizards
  4 kobolds
  7 rats
121 creatures vanquished.

Notes
Turn   | Place    | Note
-------+----------+-------------------------------------------
     0 | D:1      | dorian the Demigod Hunter began the quest for the Orb.
     0 | D:1      | Reached XP level 1. HP: 17/17 MP: 3/3
   422 | D:1      | Reached XP level 2. HP: 24/24 MP: 4/4
   745 | D:2      | Reached skill level 4 in Ranged Weapons
   983 | D:2      | Reached XP level 3. HP: 29/29 MP: 5/5
  1583 | D:3      | Reached XP level 4. HP: 28/37 MP: 6/6
  1645 | D:3      | Noticed Robin
  1654 | D:3      | Killed Robin
  2273 | D:3      | Identified a scroll of acquirement
  2273 | D:3      | Acquired 476 gold pieces
  2367 | D:4      | Reached skill level 5 in Ranged Weapons
  2367 | D:4      | Reached XP level 5. HP: 32/45 MP: 7/7
  2789 | D:4      | Found a staircase to the Ecumenical Temple.
  3034 | D:4      | Reached XP level 6. HP: 47/51 MP: 8/8
  3228 | D:5      | Entered Level 5 of the Dungeon
  3234 | D:5      | Reached skill level 6 in Ranged Weapons
  3646 | D:5      | Noticed a water moccasin
  3654 | D:5      | Killed a water moccasin
  3655 | D:5      | Reached XP level 7. HP: 15/59 MP: 9/9
  4100 | D:5      | Found a runed translucent door.
  4100 | D:5      | Noticed DevastatorOne's ghost (novice MiBe)
  4528 | D:6      | Reached skill level 7 in Ranged Weapons
  4767 | D:6      | Noticed Sigmund
  4792 | D:5      | Reached XP level 8. HP: 53/67 MP: 10/10
  4986 | D:6      | Reached skill level 5 in Dodging
  5264 | D:6      | Found a runed translucent gate.
  5264 | D:6      | Found a runed translucent gate.
  5264 | D:6      | Noticed Skimidon's ghost (novice MiFi)
  5279 | D:6      | Noticed a hornet
  5285 | D:6      | Paralysed by a hornet for 3 turns
  5291 | D:6      | HP: 2/67 [hornet (12)]
  5302 | D:6      | Paralysed by a hornet for 2 turns
  5310 | D:6      | HP: 3/67 [poisoned by a hornet]
  5312 | D:6      | Slain by a hornet

Illustrated notes

Levels and vault maps discovered:
D:1:      minmay_arrival_jagged, layout_basic
D:2:      layout_rooms, nicolae_figureground_pulse
D:3:      kennysheep_six_static_rooms, layout_loops_ring, uniq_robin
D:4:      layout_basic, minmay_temple_entry_nine_rooms,
          mainiacjoe_sewer_entry_somewhere_in_here_2
D:5:      layout_cave_pods, gammafunk_ghost_grave
D:6:      layout_layer_cave, gammafunk_ghost_nasty_kobolds, minmay_holes,
          st_stairs_3, minmay_misc_feat_tower, uniq_sigmund

Skill      XL: |  1  2  3  4  5  6  7  8 |
---------------+-------------------------+-----
Fighting       | 2 3 4 |  4.9
Dodging        | 2 3 4 5 |  5.0
Ranged Weapons | 4 5 6 7 |  7.6
Stealth        | |  0.8

Action                     |  1- 3 |  4- 6 |  7- 9 || total
---------------------------+-------+-------+-------++-------
   Fire: Shortbow          |   109 |   203 |   116 ||   428
    Use: Scroll            |     8 |     6 |     4 ||    18
         Potion            |       |       |     7 ||     7
 Armour: Leather armour    |    37 |    42 |    18 ||    97
         Steam dragon scal |       |       |    20 ||    20
  Dodge: Dodged            |    40 |    73 |    56 ||   169
